TOP OF THE 1ST |
Kenosha Kingfish batting - Pitching for Beaverton Bronze Souls : LHP Germán Sánchez
|
Pitching: LHP Germán Sánchez
|
|
Batting: LHB Marvin Nichols
|
0-0: Ball 1-0: Ball 2-0: Fly out, F8 (Flyball, 8LM)
|
Batting: RHB Ron Campbell
|
0-0: Ball 1-0: Ball 2-0: Swinging Strike 2-1: Ground out 4-3 (Groundball, 4)
|
Batting: RHB Andrés Bustamante
|
0-0: Ball 1-0: Foul Ball, location: 2F 1-1: Ground out 6-3 (Groundball, 6S)
|
Top of the 1st over - 0 run(s), 0 hit(s), 0 error(s), 0 left on base; Kenosha 0 - Beaverton 0 |
BOTTOM OF THE 1ST |
Beaverton Bronze Souls batting - Pitching for Kenosha Kingfish : RHP Paul Lorenzo
|
Pitching: RHP Paul Lorenzo
|
|
Batting: LHB Alonso Contreras
|
0-0: Foul Ball, location: 2F 0-1: Fly out, F8 (Flyball, 8RD)
|
Batting: LHB Luis Aragón
|
0-0: Called Strike 0-1: Ball 1-1: Ground out 4-3 (Groundball, 4)
|
Batting: SHB Felipe Castro
|
0-0: Called Strike 0-1: Ball 1-1: Ball 2-1: Swinging Strike 2-2: Ball 3-2: Foul Ball, location: 2F 3-2: Fly out, F7 (Flyball, 7LD)
|
Bottom of the 1st over - 0 run(s), 0 hit(s), 0 error(s), 0 left on base; Kenosha 0 - Beaverton 0 |
TOP OF THE 2ND |
Kenosha Kingfish batting - Pitching for Beaverton Bronze Souls : LHP Germán Sánchez
|
Batting: RHB Alejandro Ramírez
|
0-0: Ball 1-0: Called Strike 1-1: SINGLE (Groundball, 6MD)
|
Batting: LHB Ernesto Meléndez
|
0-0: Called Strike Alejandro Ramírez is caught stealing 2nd base 0-1: Ball 1-1: Ball 2-1: Called Strike 2-2: Strikes out swinging
|
Batting: RHB Millard Ferguson
|
0-0: Ball 1-0: Ball 2-0: Called Strike 2-1: Ground out U3 (Groundball, 34S)
|
Top of the 2nd over - 0 run(s), 1 hit(s), 0 error(s), 0 left on base; Kenosha 0 - Beaverton 0 |
BOTTOM OF THE 2ND |
Beaverton Bronze Souls batting - Pitching for Kenosha Kingfish : RHP Paul Lorenzo
|
Batting: RHB Rusty Anderson
|
0-0: Foul Ball, location: 2F 0-1: Ball 1-1: Swinging Strike 1-2: Ball 2-2: Strikes out looking
|
Batting: LHB Juan Palácios
|
0-0: Ball 1-0: Called Strike 1-1: Ball 2-1: Ball 3-1: Foul Ball, location: 2F 3-2: Foul Ball, location: 2F 3-2: Base on Balls
|
Batting: RHB Rubén Ramírez
|
0-0: Called Strike 0-1: Fly out, F7 (Line Drive, 7S)
|
Batting: RHB Juan Becerra
|
0-0: Fielders Choice at 2nd, 6-4 (Groundball, 6)
|
Bottom of the 2nd over - 0 run(s), 0 hit(s), 0 error(s), 0 left on base; Kenosha 0 - Beaverton 0 |
TOP OF THE 3RD |
Kenosha Kingfish batting - Pitching for Beaverton Bronze Souls : LHP Germán Sánchez
|
Batting: LHB Miguel Gómez
|
0-0: Called Strike 0-1: Foul Ball, location: 2F 0-2: Strikes out swinging
|
Batting: RHB Juan Escalante
|
0-0: Fly out, F8 (Flyball, 8LS)
|
Batting: RHB David Barker
|
0-0: Ball 1-0: Called Strike 1-1: Ball 2-1: Ball 3-1: Base on Balls
|
Batting: LHB Marvin Nichols
|
0-0: Ball 1-0: Ball 2-0: Ball 3-0: Called Strike 3-1: Base on Balls David Barker to second
|
Batting: RHB Ron Campbell
|
0-0: Ball 1-0: Fly out, F8 (Flyball, 89M)
|
Top of the 3rd over - 0 run(s), 0 hit(s), 0 error(s), 2 left on base; Kenosha 0 - Beaverton 0 |
BOTTOM OF THE 3RD |
Beaverton Bronze Souls batting - Pitching for Kenosha Kingfish : RHP Paul Lorenzo
|
Batting: RHB Ed Fuhrman
|
0-0: Ball 1-0: Called Strike 1-1: Ball 2-1: Foul Ball, location: 2F 2-2: Ball 3-2: Foul Ball, location: 2F 3-2: Base on Balls
|
Batting: SHB Caleb Hart
|
0-0: Swinging Strike 0-1: 2-RUN HOME RUN (Flyball, 7D), Distance : 370 ft
|
Batting: LHB Alonso Contreras
|
0-0: Called Strike 0-1: Fly out, F7 (Flyball, 7LMF)
|
Batting: LHB Luis Aragón
|
0-0: SINGLE (Popup, 56D)
|
Batting: SHB Felipe Castro
|
0-0: Called Strike 0-1: Fielders Choice at 2nd, 4-6 (Groundball, 4)
|
Batting: RHB Rusty Anderson
|
0-0: Ball 1-0: DOUBLE (Line Drive, 78M) Felipe Castro to third Runner from 3rd tries for Home, SAFE, no throw
|
Batting: LHB Juan Palácios
|
0-0: Called Strike 0-1: Called Strike 0-2: Ground out 4-3 (Groundball, 4)
|
Bottom of the 3rd over - 3 run(s), 3 hit(s), 0 error(s), 1 left on base; Kenosha 0 - Beaverton 3 |
TOP OF THE 4TH |
Kenosha Kingfish batting - Pitching for Beaverton Bronze Souls : LHP Germán Sánchez
|
Batting: RHB Andrés Bustamante
|
0-0: Ball 1-0: Ball 2-0: Foul Ball, location: 2F 2-1: Called Strike 2-2: SINGLE (Line Drive, 6D)
|
Batting: RHB Alejandro Ramírez
|
0-0: Called Strike 0-1: Ball 1-1: Ball 2-1: Foul Ball, location: 2F 2-2: Foul Ball, location: 2F 2-2: Foul Ball, location: 2F 2-2: Strikes out swinging
|
Batting: LHB Ernesto Meléndez
|
0-0: Swinging Strike 0-1: Ball 1-1: SINGLE (Groundball, 6M) (infield hit) Andrés Bustamante to second
|
Batting: RHB Millard Ferguson
|
0-0: Grounds into double play, 5-4-3 (Groundball, 56)
|
Top of the 4th over - 0 run(s), 2 hit(s), 0 error(s), 1 left on base; Kenosha 0 - Beaverton 3 |
BOTTOM OF THE 4TH |
Beaverton Bronze Souls batting - Pitching for Kenosha Kingfish : RHP Paul Lorenzo
|
Batting: RHB Rubén Ramírez
|
0-0: Ball 1-0: Foul Ball, location: 2F 1-1: Ball 2-1: Ball 3-1: Called Strike 3-2: Ground out 5-3 (Groundball, 5)
|
Batting: RHB Juan Becerra
|
0-0: Foul Ball, location: 2F 0-1: Ball 1-1: Ground out 6-3 (Groundball, 56D)
|
Batting: RHB Ed Fuhrman
|
0-0: Ball 1-0: Ball 2-0: Called Strike 2-1: Ground out 5-3 (Groundball, 56)
|
Bottom of the 4th over - 0 run(s), 0 hit(s), 0 error(s), 0 left on base; Kenosha 0 - Beaverton 3 |
TOP OF THE 5TH |
Kenosha Kingfish batting - Pitching for Beaverton Bronze Souls : LHP Germán Sánchez
|
Batting: LHB Miguel Gómez
|
0-0: Called Strike 0-1: Ball 1-1: Ball 2-1: Ground out 1-3 (Groundball, 13S)
|
Batting: RHB Juan Escalante
|
0-0: Ball 1-0: Ball 2-0: Foul Ball, location: 2F 2-1: Foul Ball, location: 2F 2-2: Foul Ball, location: 2F 2-2: Ball 3-2: Base on Balls
|
Batting: RHB David Barker
|
0-0: Ball 1-0: Ball 2-0: Ball 3-0: Swinging Strike 3-1: Swinging Strike 3-2: Foul Ball, location: 2F 3-2: Strikes out swinging
|
Batting: LHB Marvin Nichols
|
0-0: Swinging Strike 0-1: Ball 1-1: Ball 2-1: Ball 3-1: Foul Ball, location: 2F 3-2: Strikes out looking
|
Top of the 5th over - 0 run(s), 0 hit(s), 0 error(s), 1 left on base; Kenosha 0 - Beaverton 3 |
BOTTOM OF THE 5TH |
Beaverton Bronze Souls batting - Pitching for Kenosha Kingfish : RHP Paul Lorenzo
|
Batting: SHB Caleb Hart
|
0-0: Ball 1-0: Ground out U3 (Groundball, 34D)
|
Batting: LHB Alonso Contreras
|
0-0: Ball 1-0: Foul Ball, location: 2F 1-1: Ball 2-1: Ground out 6-3 (Groundball, 6MS)
|
Batting: LHB Luis Aragón
|
0-0: Foul Ball, location: 2F 0-1: Swinging Strike 0-2: Ground out 6-3 (Groundball, 6)
|
Bottom of the 5th over - 0 run(s), 0 hit(s), 0 error(s), 0 left on base; Kenosha 0 - Beaverton 3 |
TOP OF THE 6TH |
Kenosha Kingfish batting - Pitching for Beaverton Bronze Souls : LHP Germán Sánchez
|
Batting: RHB Ron Campbell
|
0-0: Ball 1-0: Ball 2-0: Ball 3-0: Base on Balls
|
Pitching: RHP Víctor Hernández
|
|
Batting: RHB Andrés Bustamante
|
0-0: Ball 1-0: Ball 2-0: Called Strike 2-1: Foul Ball, location: 2F 2-2: Ball 3-2: Fly out, F7 (Flyball, 78S)
|
Batting: RHB Alejandro Ramírez
|
0-0: Foul Ball, location: 2F 0-1: Ball 1-1: Ball 2-1: Swinging Strike 2-2: SINGLE (Groundball, 23) (infield hit) Ron Campbell to second
|
Batting: LHB Ernesto Meléndez
|
0-0: Called Strike 0-1: Ball 1-1: Ball 2-1: Called Strike 2-2: Strikes out swinging
|
Batting: RHB Millard Ferguson
|
0-0: Foul Ball, location: 2F 0-1: Swinging Strike 0-2: Strikes out swinging
|
Top of the 6th over - 0 run(s), 1 hit(s), 0 error(s), 2 left on base; Kenosha 0 - Beaverton 3 |
BOTTOM OF THE 6TH |
Beaverton Bronze Souls batting - Pitching for Kenosha Kingfish : RHP Paul Lorenzo
|
Batting: SHB Felipe Castro
|
0-0: Foul Ball, location: 2F 0-1: Hit by Pitch
|
Batting: RHB Rusty Anderson
|
0-0: Called Strike 0-1: Called Strike 0-2: Strikes out swinging
|
Batting: LHB Juan Palácios
|
0-0: Ball 1-0: Called Strike Felipe Castro steals 2nd base 1-1: Intentional Walk
|
Batting: RHB Rubén Ramírez
|
0-0: Ball 1-0: SINGLE (Groundball, 5D) Felipe Castro to third Juan Palácios to second Runner from 3rd tries for Home, SAFE, throw made at trailing runner, OUT at third!
|
Batting: RHB Juan Becerra
|
0-0: Ball 1-0: Fielders Choice at 2nd, 6-4 (Groundball, 6)
|
Bottom of the 6th over - 1 run(s), 1 hit(s), 0 error(s), 0 left on base; Kenosha 0 - Beaverton 4 |
TOP OF THE 7TH |
Kenosha Kingfish batting - Pitching for Beaverton Bronze Souls : RHP Víctor Hernández
|
Batting: LHB Miguel Gómez
|
0-0: Called Strike 0-1: Swinging Strike 0-2: Foul Ball, location: 2F 0-2: Strikes out swinging
|
Batting: RHB Juan Escalante
|
0-0: Called Strike 0-1: Swinging Strike 0-2: Strikes out looking
|
Batting: RHB David Barker
|
0-0: Ball 1-0: Ball 2-0: Foul Ball, location: 2F 2-1: Ground out 5-3 (Groundball, 56S)
|
Top of the 7th over - 0 run(s), 0 hit(s), 0 error(s), 0 left on base; Kenosha 0 - Beaverton 4 |
BOTTOM OF THE 7TH |
Beaverton Bronze Souls batting - Pitching for Kenosha Kingfish : RHP Paul Lorenzo
|
Pitching: RHP Arthur Stewart
|
|
Batting: RHB Ed Fuhrman
|
0-0: Ball 1-0: Called Strike 1-1: Fly out, F8 (Flyball, 78M)
|
Batting: SHB Caleb Hart
|
0-0: Ball 1-0: Ball 2-0: Called Strike 2-1: Ball 3-1: Base on Balls
|
Batting: LHB Alonso Contreras
|
0-0: Ball 1-0: Swinging Strike 1-1: Called Strike 1-2: DOUBLE (Line Drive, 9LM) Caleb Hart to third
|
Batting: LHB Luis Aragón
|
0-0: Foul Ball, location: 2F 0-1: Swinging Strike 0-2: Strikes out looking
|
Batting: SHB Felipe Castro
|
0-0: Ball 1-0: Ball 2-0: Ball 3-0: Called Strike 3-1: Called Strike 3-2: Base on Balls
|
Batting: RHB Rusty Anderson
|
0-0: Fielders Choice at 2nd, 6-4 (Groundball, 6)
|
Bottom of the 7th over - 0 run(s), 1 hit(s), 0 error(s), 2 left on base; Kenosha 0 - Beaverton 4 |
TOP OF THE 8TH |
Kenosha Kingfish batting - Pitching for Beaverton Bronze Souls : RHP Víctor Hernández
|
Batting: LHB Marvin Nichols
|
0-0: Ball 1-0: Ball 2-0: Called Strike 2-1: Fly out, F9 (Flyball, 9LSF)
|
Batting: RHB Ron Campbell
|
0-0: Foul Ball, location: 2F 0-1: Called Strike 0-2: Ball 1-2: Ground out 6-3 (Groundball, 6)
|
Batting: RHB Andrés Bustamante
|
0-0: Foul Ball, location: 2F 0-1: Ball 1-1: Ball 2-1: Ball 3-1: Fly out, F8 (Flyball, 8RM)
|
Top of the 8th over - 0 run(s), 0 hit(s), 0 error(s), 0 left on base; Kenosha 0 - Beaverton 4 |
BOTTOM OF THE 8TH |
Beaverton Bronze Souls batting - Pitching for Kenosha Kingfish : RHP Arthur Stewart
|
Batting: LHB Juan Palácios
|
0-0: Ball 1-0: Fly out, F9 (Flyball, 89M)
|
Batting: RHB Rubén Ramírez
|
0-0: Swinging Strike 0-1: Ball 1-1: Foul Ball, location: 2F 1-2: Strikes out looking
|
Batting: RHB Juan Becerra
|
0-0: Ball 1-0: Ball 2-0: Ball 3-0: Base on Balls
|
Batting: RHB Ed Fuhrman
|
0-0: Called Strike 0-1: Ball 1-1: Fielders Choice at 2nd, 5-4 (Groundball, 56)
|
Bottom of the 8th over - 0 run(s), 0 hit(s), 0 error(s), 0 left on base; Kenosha 0 - Beaverton 4 |
TOP OF THE 9TH |
Kenosha Kingfish batting - Pitching for Beaverton Bronze Souls : RHP Víctor Hernández
|
Batting: RHB Alejandro Ramírez
|
0-0: Fly out, F5 (Popup, 56S)
|
Batting: LHB Ernesto Meléndez
|
0-0: Ball 1-0: Ball 2-0: Foul Ball, location: 2F 2-1: SINGLE (Line Drive, 5S)
|
Batting: RHB Millard Ferguson
|
0-0: Called Strike 0-1: Called Strike 0-2: Ball 1-2: Strikes out swinging
|
Batting: LHB Miguel Gómez
|
0-0: Called Strike 0-1: Foul Ball, location: 2F 0-2: Strikes out swinging
|
Top of the 9th over - 0 run(s), 1 hit(s), 0 error(s), 1 left on base; Kenosha 0 - Beaverton 4 |
|